[Event "ISR-chT 2019"]
[Site "Israel"]
[Date "2019.01.04"]
[Round "1"]
[White "Alterman, Boris"]
[Black "Steinberg, Nitzan"]
[Result "1/2-1/2"]
[ECO "A12"]
[WhiteElo "2605"]
[BlackElo "2530"]
[Annotator "ChessBase"]
[PlyCount "114"]
[EventDate "2019.01.04"]
[EventType "team-tourn"]
[EventCountry "ISR"]
[SourceTitle "playchess.com"]
[Source "ChessBase"]
[SourceQuality "1"]
[TimeControl "40/5400+30:1800+30"]

1. Nf3 d5 2. e3 Nf6 3. c4 c6 4. b3 Bg4 5. Bb2 Nbd7 6. Be2 e6 7. Nc3 Bd6 8. cxd5 exd5 9. Nd4 Nc5 10. Qc2 Bxe2 11. Ncxe2 g6 12. O-O Qe7 13. Nf3 O-O 14. Bxf6 Qxf6 15. b4 Nd7 16. b5 c5 17. Nc3 Ne5 18. Nxe5 Bxe5 19. Rac1 Rad8 20. Qb3 Rfe8 21. g3 c4 22. Qc2 d4 23. Nd1 Rc8 24. exd4 Bxd4 25. Ne3 Rc5 26. Qa4 c3 27. dxc3 Bxe3 28. fxe3 Qe5 29. Qd4 Qxe3+ 30. Qxe3 Rxe3 31. c4 Ra3 32. Rf2 Ra4 33. Rfc2 Kg7 34. Kg2 f5 35. Rd1 Rcxc4 36. Rd7+ Kh6 37. Rxc4 Rxc4 38. Rxb7 Rc2+ 39. Kg1 Rxa2 40. b6 axb6 41. Rxb6 Kg5 42. Rb4 Re2 43. Ra4 Re4 44. Ra2 h5 45. Kg2 h4 46. Kh3 Kh5 47. Ra8 g5 48. Rh8+ Kg6 49. gxh4 g4+ 50. Kg3 Re3+ 51. Kf4 Re4+ 52. Kg3 Kf6 53. Rf8+ Ke5 54. Re8+ Kd4 55. Rd8+ Ke5 56. Re8+ Kd4 57. Rd8+ Ke5 1/2-1/2

[Event "ISR-chT 2019"]
[Site "Israel"]
[Date "2019.01.04"]
[Round "1"]
[White "Roiz, Michael"]
[Black "Galburd, Yan"]
[Result "1/2-1/2"]
[ECO "D02"]
[WhiteElo "2605"]
[BlackElo "2397"]
[Annotator "ChessBase"]
[PlyCount "117"]
[EventDate "2019.01.04"]
[EventType "team-tourn"]
[EventCountry "ISR"]
[SourceTitle "playchess.com"]
[Source "ChessBase"]
[SourceQuality "1"]
[TimeControl "40/5400+30:1800+30"]

1. Nf3 d5 2. g3 Nc6 3. d4 Bf5 4. Bg2 Nb4 5. Na3 e6 6. O-O Nf6 7. Nh4 Be4 8. f3 Bg6 9. c3 Na6 10. Qb3 Rb8 11. e4 Be7 12. Nxg6 hxg6 13. Bf4 Nh5 14. Be3 Nf6 15. Bf4 Nh5 16. Bd2 Nf6 17. Rad1 b5 18. exd5 exd5 19. Rfe1 c6 20. Nc2 O-O 21. a4 Nc7 22. axb5 Nxb5 23. Qa4 Qd7 24. Bf1 a5 25. Kg2 Rfe8 26. b3 Ra8 27. Re2 Reb8 28. Ne1 Bd6 29. Nd3 Qc7 30. Ree1 Qb7 31. Ra1 Nd7 32. Qa2 Nc7 33. Rab1 Nb5 34. Rb2 Qa7 35. Rc2 Qb7 36. Rb2 Qa7 37. Rd1 a4 38. bxa4 Qxa4 39. Qxa4 Rxa4 40. Nf4 Na3 41. Rxb8+ Nxb8 42. Ra1 Nd7 43. Nd3 Ra7 44. Bf4 Bxf4 45. Nxf4 Nb5 46. Rxa7 Nxa7 47. h4 Kf8 48. Kf2 Ke7 49. Ke3 Kd6 50. c4 dxc4 51. Bxc4 Ke7 52. Nd3 Nb6 53. Bb3 Nd5+ 54. Ke4 Nc3+ 55. Ke3 Nd5+ 56. Bxd5 cxd5 57. Ne5 Nb5 58. Kd3 Ke6 59. g4 1/2-1/2

[Event "ISR-chT 2019"]
[Site "Israel"]
[Date "2019.01.04"]
[Round "1"]
[White "Zubov, Alexander"]
[Black "Zilberman, Yaacov"]
[Result "1-0"]
[ECO "B03"]
[WhiteElo "2598"]
[BlackElo "2334"]
[Annotator "ChessBase"]
[PlyCount "99"]
[EventDate "2019.01.04"]
[EventType "team-tourn"]
[EventCountry "ISR"]
[SourceTitle "playchess.com"]
[Source "ChessBase"]
[SourceQuality "1"]
[TimeControl "40/5400+30:1800+30"]

1. e4 Nf6 2. e5 Nd5 3. d4 d6 4. Bc4 Nb6 5. Bb3 dxe5 6. Qf3 e6 7. dxe5 Nc6 8. Qg3 Nd4 9. Nf3 Nf5 10. Qh3 Bd7 11. O-O Bc6 12. Nc3 Be7 13. Rd1 Nd7 14. g4 Nh4 15. Nd4 Bg2 16. Qg3 c5 17. Nxe6 fxe6 18. Bxe6 Nxe5 19. Rxd8+ Rxd8 20. f4 Nef3+ 21. Kf2 Nd4 22. Bc4 Nxc2 23. g5 Nxa1 24. Qxh4 Bc6 25. Qh5+ g6 26. Qe2 Rf8 27. Nb5 a6 28. Nc7+ Kd7 29. Ne6 Bd6 30. Qd1 Rde8 31. Nxf8+ Rxf8 32. Be3 Kc7 33. Be2 Bxf4 34. Bxf4+ Rxf4+ 35. Kg3 Re4 36. Bg4 Re3+ 37. Kf2 Re4 38. h3 Re5 39. Qxa1 Rxg5 40. Qe1 Kb6 41. Qe3 Rd5 42. b4 h5 43. Be6 Rd1 44. Qxc5+ Kc7 45. a4 Rd6 46. Bb3 Rf6+ 47. Ke1 Rf5 48. Qe7+ Kb6 49. Bc2 Rf3 50. Qc5+ 1-0

[Event "ISR-chT 2019"]
[Site "Israel"]
[Date "2019.01.04"]
[Round "1"]
[White "Golod, Vitali"]
[Black "Mindlin, Alon"]
[Result "0-1"]
[ECO "E11"]
[WhiteElo "2532"]
[BlackElo "2462"]
[Annotator "ChessBase"]
[PlyCount "122"]
[EventDate "2019.01.04"]
[EventType "team-tourn"]
[EventCountry "ISR"]
[SourceTitle "playchess.com"]
[Source "ChessBase"]
[SourceQuality "1"]
[TimeControl "40/5400+30:1800+30"]

1. d4 Nf6 2. c4 e6 3. Nf3 Bb4+ 4. Bd2 Qe7 5. g3 Nc6 6. Bg2 Bxd2+ 7. Nbxd2 d6 8. e4 O-O 9. O-O e5 10. d5 Nb8 11. Ne1 a5 12. Nd3 Na6 13. a3 Bg4 14. Qe1 c6 15. f4 cxd5 16. cxd5 exf4 17. gxf4 Rae8 18. Kh1 Qd7 19. Qg3 Be2 20. Rf2 Bxd3 21. Qxd3 Nc5 22. Qd4 Ng4 23. Rff1 f5 24. e5 Qb5 25. e6 Rf6 26. h3 Rh6 27. Kg1 Nf6 28. b4 Nce4 29. Nxe4 fxe4 30. f5 Rh5 31. a4 Qxb4 32. Qxb4 axb4 33. Rad1 Rg5 34. Rd4 Rc8 35. Rf2 b3 36. Kh2 e3 37. Re2 Rc3 38. Rb4 h5 39. Rxb7 Rc2 40. Bf3 Rxf5 41. Rxb3 Rxe2+ 42. Bxe2 Rf2+ 43. Kg3 h4+ 44. Kxh4 Rxe2 45. Kg3 Nxd5 46. Rb8+ Kh7 47. Rd8 Ne7 48. Kf3 Rf2+ 49. Kxe3 Rf6 50. Re8 Rxe6+ 51. Kd3 Kg6 52. a5 Kf7 53. a6 Kxe8 54. a7 Re3+ 55. Kxe3 Nd5+ 56. Ke4 Nc7 57. h4 g6 58. Kf4 Kf7 59. Kg5 d5 60. Kg4 Ke6 61. Kg5 d4 0-1

[Event "ISR-chT 2019"]
[Site "Israel"]
[Date "2019.01.04"]
[Round "1"]
[White "Rozentalis, Eduardas"]
[Black "Kogan, Arthur"]
[Result "1/2-1/2"]
[ECO "C54"]
[WhiteElo "2526"]
[BlackElo "2547"]
[Annotator "ChessBase"]
[PlyCount "26"]
[EventDate "2019.01.04"]
[EventType "team-tourn"]
[EventCountry "ISR"]
[SourceTitle "playchess.com"]
[Source "ChessBase"]
[SourceQuality "1"]
[TimeControl "40/5400+30:1800+30"]

1. e4 e5 2. Nf3 Nc6 3. Bc4 Bc5 4. d3 Nf6 5. c3 d6 6. b4 Bb6 7. a4 a5 8. b5 Ne7 9. h3 h6 10. Bb3 Ng6 11. O-O O-O 12. Re1 Re8 13. Ra2 c6 1/2-1/2

[Event "ISR-chT 2019"]
[Site "Israel"]
[Date "2019.01.04"]
[Round "1"]
[White "Bar, Roman"]
[Black "Ben Artzi, Ido"]
[Result "1-0"]
[ECO "C84"]
[WhiteElo "2484"]
[BlackElo "2382"]
[Annotator "RC"]
[PlyCount "87"]
[EventDate "2019.01.04"]
[EventType "team-tourn"]
[EventCountry "ISR"]
[SourceTitle "playchess.com"]
[Source "ChessBase"]
[SourceQuality "1"]
[TimeControl "40/5400+30:1800+30"]

1. e4 e5 2. Nf3 Nc6 3. Bb5 a6 4. Ba4 Nf6 5. O-O Be7 6. d3 b5 7. Bb3 d6 8. a3 O-O 9. Nc3 Bg4 10. Be3 Nd4 11. Bxd4 exd4 12. Nd5 Nxd5 13. Bxd5 Rc8 14. Bc6 Bf6 15. a4 Bd7 16. Bxd7 Qxd7 17. Qd2 bxa4 18. Qa5 Qb5 19. Rxa4 Qxb2 20. Ra2 Qc3 21. Qxc3 dxc3 22. Rxa6 Ra8 23. Rc6 Ra2 24. Rc1 Rb8 25. g4 h6 26. h4 g5 27. hxg5 hxg5 28. d4 Re8 29. e5 Bg7 30. exd6 cxd6 31. Rxc3 f5 32. gxf5 g4 33. Ng5 Bxd4 34. Rc4 Bc5 35. Rxg4 Re2 36. Rf4 Ra3 37. Kf1 Re5 38. Rb1 Ra7 39. Rb8+ Kg7 40. f6+ Kh6 41. Nf3 Ra1+ 42. Kg2 Re2 43. f7 d5 44. Rh8+ 1-0

[Event "ISR-chT 2019"]
[Site "Israel"]
[Date "2019.01.04"]
[Round "1"]
[White "Khmelniker, Ilya"]
[Black "Shvidler, Eliahu"]
[Result "1-0"]
[ECO "A37"]
[WhiteElo "2483"]
[BlackElo "2357"]
[Annotator "ChessBase"]
[PlyCount "63"]
[EventDate "2019.01.04"]
[EventType "team-tourn"]
[EventCountry "ISR"]
[SourceTitle "playchess.com"]
[Source "ChessBase"]
[SourceQuality "1"]
[TimeControl "40/5400+30:1800+30"]

1. c4 c5 2. Nf3 Nc6 3. Nc3 g6 4. g3 Bg7 5. Bg2 e6 6. d4 cxd4 7. Nb5 d5 8. cxd5 exd5 9. O-O Nge7 10. Nbxd4 O-O 11. Be3 Nf5 12. Nxf5 Bxf5 13. Qd2 Qf6 14. Rad1 Qxb2 15. Qxb2 Bxb2 16. Rxd5 a6 17. Ng5 Rfe8 18. h3 h5 19. g4 hxg4 20. hxg4 Bxg4 21. Rb1 Bg7 22. Rxb7 Ne7 23. Rd2 Rac8 24. Bf4 Bc3 25. Ne4 Bf5 26. Nxc3 Rxc3 27. Be5 Rc1+ 28. Kh2 Nc6 29. Bf6 Ne5 30. f3 Rc4 31. Re7 Rc1 32. Rb7 1-0

[Event "ISR-chT 2019"]
[Site "Israel"]
[Date "2019.01.04"]
[Round "1"]
[White "Caspi, Israel"]
[Black "Poleg, Dan"]
[Result "1-0"]
[ECO "C47"]
[WhiteElo "2455"]
[BlackElo "2276"]
[Annotator "ChessBase"]
[PlyCount "43"]
[EventDate "2019.01.04"]
[EventType "team-tourn"]
[EventCountry "ISR"]
[SourceTitle "playchess.com"]
[Source "ChessBase"]
[SourceQuality "1"]
[TimeControl "40/5400+30:1800+30"]

1. e4 e5 2. Nf3 Nc6 3. d4 exd4 4. Nxd4 Nf6 5. Nc3 Bb4 6. Nxc6 bxc6 7. Bd3 d5 8. exd5 cxd5 9. O-O O-O 10. h3 c6 11. Qf3 Bd6 12. Bf4 Be6 13. Rad1 Bxf4 14. Qxf4 Qb8 15. Qf3 Qc7 16. b3 Rad8 17. Rfe1 c5 18. Ne2 d4 19. Nf4 Bc8 20. Re2 Rfe8 21. Rde1 Qd7 22. Nh5 1-0

[Event "ISR-chT 2019"]
[Site "Israel"]
[Date "2019.01.04"]
[Round "1"]
[White "Finkel, Alexander"]
[Black "Flom, Gabriel"]
[Result "0-1"]
[ECO "C01"]
[WhiteElo "2453"]
[BlackElo "2467"]
[Annotator "ChessBase"]
[PlyCount "88"]
[EventDate "2019.01.04"]
[EventType "team-tourn"]
[EventCountry "ISR"]
[SourceTitle "playchess.com"]
[Source "ChessBase"]
[SourceQuality "1"]
[TimeControl "40/5400+30:1800+30"]

1. e4 e6 2. d4 d5 3. exd5 exd5 4. Nf3 Nc6 5. h3 Bf5 6. c3 Qd7 7. Bb5 Bd6 8. Be3 Nge7 9. Nbd2 a6 10. Ba4 f6 11. Qe2 O-O 12. Nh4 Be6 13. f4 b5 14. Bc2 Nf5 15. Nxf5 Bxf5 16. Bb3 Be6 17. Qf3 Rae8 18. Kf2 Ne7 19. g4 Bf7 20. Rag1 Ng6 21. h4 Rxe3 22. Qxe3 Nxf4 23. Qf3 c5 24. Bc2 cxd4 25. cxd4 Qc7 26. Bb1 Qb6 27. Nb3 a5 28. Rc1 h5 29. Rhg1 a4 30. Nc5 Qa5 31. Rc3 Qb4 32. Nd3 Qxd4+ 33. Kf1 b4 34. Rc6 Be8 35. Rxd6 Bb5 36. Rg3 Rc8 37. Qe3 Qxb2 38. Kg1 Qxb1+ 39. Ne1 Rc3 40. Qxf4 Qxe1+ 41. Kh2 Rc2+ 42. Rg2 Qxh4+ 43. Kg1 Qe1+ 44. Kh2 Rc1 0-1

[Event "ISR-chT 2019"]
[Site "Israel"]
[Date "2019.01.04"]
[Round "1"]
[White "Gorodetzky, David"]
[Black "Postny, Evgeny"]
[Result "1/2-1/2"]
[ECO "D20"]
[WhiteElo "2447"]
[BlackElo "2623"]
[Annotator "ChessBase"]
[PlyCount "87"]
[EventDate "2019.01.04"]
[EventType "team-tourn"]
[EventCountry "ISR"]
[SourceTitle "playchess.com"]
[Source "ChessBase"]
[SourceQuality "1"]
[TimeControl "40/5400+30:1800+30"]

1. d4 d5 2. c4 dxc4 3. e4 e5 4. Nf3 Bb4+ 5. Nc3 exd4 6. Nxd4 Ne7 7. a3 Nbc6 8. axb4 Qxd4 9. Qa4 O-O 10. Be3 Qd6 11. Bxc4 Qxb4 12. Qxb4 Nxb4 13. Bc5 Nbc6 14. Nb5 Bd7 15. Rd1 Rfd8 16. Nxc7 Bg4 17. Rxd8+ Rxd8 18. f3 Bc8 19. O-O b6 20. Be3 Bb7 21. Ra1 Rd7 22. Nd5 Nxd5 23. Bxd5 Kf8 24. h4 Ke7 25. h5 h6 26. Bd2 f6 27. Kh2 Ke8 28. Bc3 a5 29. Re1 Ne5 30. Be6 Rd6 31. Bb3 Nd3 32. Rd1 Ke7 33. Bc2 Nb4 34. Bxb4 axb4 35. Kg3 Rxd1 36. Bxd1 Kd6 37. Kf4 Bc8 38. Ke3 Be6 39. Kd4 Bf7 40. f4 Be6 41. Bf3 Bf7 42. Bd1 Be6 43. Be2 Bf7 44. Bf3 {[%emt 0:03:13] Kd5+ [%clk 0:00:00]} 1/2-1/2

[Event "ISR-chT 2019"]
[Site "Israel"]
[Date "2019.01.04"]
[Round "1"]
[White "Mikhalevski, Alexander"]
[Black "Greenfeld, Alon"]
[Result "1/2-1/2"]
[ECO "D05"]
[WhiteElo "2430"]
[BlackElo "2525"]
[Annotator "ChessBase"]
[PlyCount "54"]
[EventDate "2019.01.04"]
[EventType "team-tourn"]
[EventCountry "ISR"]
[SourceTitle "playchess.com"]
[Source "ChessBase"]
[SourceQuality "1"]
[TimeControl "40/5400+30:1800+30"]

1. d4 e6 2. Nf3 c5 3. e3 Nf6 4. Bd3 d5 5. O-O Nbd7 6. b3 g6 7. Bb2 Bg7 8. Nbd2 O-O 9. c4 b6 10. Rc1 Bb7 11. dxc5 Nxc5 12. Be2 Qe7 13. b4 Nce4 14. Qa4 Nxd2 15. Nxd2 Rfc8 16. a3 Ne4 17. Qc2 Nxd2 18. Qxd2 Bxb2 19. Qxb2 dxc4 20. Bxc4 a5 21. Be2 Qg5 22. g3 axb4 23. Qxb4 Qd5 24. f3 Qa2 25. Rxc8+ Rxc8 26. Bd3 Rd8 27. Rf2 Qa1+ 1/2-1/2

[Event "ISR-chT 2019"]
[Site "Israel"]
[Date "2019.01.04"]
[Round "1"]
[White "Bykhovsky, Avigdor"]
[Black "Shachar, Ehud"]
[Result "1/2-1/2"]
[ECO "A96"]
[WhiteElo "2419"]
[BlackElo "2391"]
[Annotator "NA"]
[PlyCount "33"]
[EventDate "2019.01.04"]
[EventType "team-tourn"]
[EventCountry "ISR"]
[SourceTitle "playchess.com"]
[Source "ChessBase"]
[SourceQuality "1"]
[TimeControl "40/5400+30:1800+30"]

1. d4 e6 2. c4 f5 3. g3 Nf6 4. Bg2 Be7 5. Nc3 O-O 6. Nf3 d6 7. O-O Ne4 8. Bd2 Bf6 9. Qc2 Nxd2 10. Qxd2 c6 $14 11. e4 e5 12. dxe5 dxe5 13. Qxd8 Rxd8 14. Rad1 Rxd1 15. Rxd1 Na6 16. exf5 Bxf5 17. Nd2 1/2-1/2

[Event "ISR-chT 2019"]
[Site "Israel"]
[Date "2019.01.04"]
[Round "1"]
[White "Shvayger, Yuliya"]
[Black "Kreizberg, Michael"]
[Result "1/2-1/2"]
[ECO "B12"]
[WhiteElo "2387"]
[BlackElo "2297"]
[Annotator "NA"]
[PlyCount "153"]
[EventDate "2019.01.04"]
[EventType "team-tourn"]
[EventCountry "ISR"]
[SourceTitle "playchess.com"]
[Source "ChessBase"]
[SourceQuality "1"]
[TimeControl "40/5400+30:1800+30"]

1. e4 c6 2. d4 d5 3. e5 Bf5 4. Nf3 e6 5. Be2 Ne7 6. O-O Bg6 7. c3 Nd7 8. b4 Nf5 9. a4 Be7 10. Nbd2 f6 11. exf6 Bxf6 12. Nb3 e5 $11 13. g4 Nd6 14. g5 Be7 15. Nxe5 Nxe5 16. dxe5 Ne4 17. Qd4 Bxg5 18. f4 Bh6 19. Nc5 Nxc5 20. Qxc5 Be4 21. Bf3 Bxf3 22. Rxf3 Qe7 23. Be3 Qxc5 24. Bxc5 b6 25. Bd4 g6 26. f5 gxf5 27. Rxf5 Rg8+ 28. Kh1 Ke7 29. a5 Raf8 30. Rh5 Bf4 31. axb6 axb6 32. Bxb6 Ke6 33. Bd4 Ra8 34. Rf1 h6 35. Rh4 Bg5 36. Rh3 Rgf8 37. Rg1 Ra2 38. Rhg3 Rf4 39. Rb1 Re4 40. Rg2 Ree2 41. Rxe2 Rxe2 42. Ra1 Bf4 43. Ra6 Kd7 44. Ra7+ Kd8 45. Ra6 Kd7 46. Ra7+ Kd8 47. Bb6+ Ke8 48. Rc7 Bxe5 49. Rxc6 Rxh2+ 50. Kg1 Kd7 51. Rg6 Rc2 52. Bd4 Bxd4+ 53. cxd4 Rc4 54. Rxh6 Rxb4 55. Rh4 Kc6 56. Kf2 Kb5 57. Ke2 Kc4 58. Kd2 Rb3 59. Kc2 Rd3 60. Rg4 Rh3 61. Kd2 Rh2+ 62. Kd1 Kd3 63. Rg3+ Kxd4 64. Rg4+ Ke3 65. Rg3+ Kf4 66. Ra3 d4 67. Rb3 Ke4 68. Ra3 Ke5 69. Rb3 Kd5 70. Ra3 Kc4 71. Rg3 Ra2 72. Rh3 Rb2 73. Rg3 Rb7 74. Kd2 Ra7 75. Rh3 Ra2+ 76. Kd1 Kb4 77. Rg3 1/2-1/2

[Event "ISR-chT 2019"]
[Site "Israel"]
[Date "2019.01.04"]
[Round "1"]
[White "Bitensky, Igor"]
[Black "Liss, Eran"]
[Result "1/2-1/2"]
[ECO "C84"]
[WhiteElo "2373"]
[BlackElo "2431"]
[Annotator "NA"]
[PlyCount "66"]
[EventDate "2019.01.04"]
[EventType "team-tourn"]
[EventCountry "ISR"]
[SourceTitle "playchess.com"]
[Source "ChessBase"]
[SourceQuality "1"]
[TimeControl "40/5400+30:1800+30"]

1. e4 e5 2. Nf3 Nc6 3. Bb5 a6 4. Ba4 Nf6 5. O-O Be7 6. d3 d6 7. c3 O-O 8. Re1 b5 9. Bc2 d5 10. Bg5 h6 11. Bh4 $11 dxe4 12. dxe4 Be6 13. Nbd2 Qd6 14. Nf1 Rad8 15. b4 Nh5 16. Ne3 Nf4 17. Qxd6 cxd6 18. Bxe7 Nxe7 19. g3 Nh3+ 20. Kg2 Ng5 21. Nxg5 hxg5 22. a4 d5 23. axb5 axb5 24. exd5 Nxd5 25. Nxd5 Bxd5+ 26. Be4 Bc4 27. Red1 g6 28. Rxd8 Rxd8 29. Ra8 Rxa8 30. Bxa8 f5 31. Kf3 g4+ 32. Ke3 Kf7 33. Bg2 Ke8 1/2-1/2

[Event "ISR-chT 2019"]
[Site "Israel"]
[Date "2019.01.04"]
[Round "1"]
[White "Bronstein, Or"]
[Black "Botvinnik, Mikhail"]
[Result "1-0"]
[ECO "E11"]
[WhiteElo "2370"]
[BlackElo "2379"]
[Annotator "NA"]
[PlyCount "83"]
[EventDate "2019.01.04"]
[EventType "team-tourn"]
[EventCountry "ISR"]
[SourceTitle "playchess.com"]
[Source "ChessBase"]
[SourceQuality "1"]
[TimeControl "40/5400+30:1800+30"]

1. c4 Nf6 2. d4 e6 3. g3 Bb4+ 4. Bd2 a5 5. Bg2 O-O 6. Nf3 b6 7. O-O Ba6 8. Qc2 d5 9. Ne5 c6 10. Rd1 Qe7 11. Nc3 Nfd7 $11 12. Nxd7 Nxd7 13. cxd5 cxd5 14. e4 Bxc3 15. Bxc3 Nf6 16. e5 Ne4 17. Be1 f6 18. exf6 Qxf6 19. b3 Rf7 20. Rac1 Raf8 21. f3 Ng5 22. f4 Ne4 23. Bf2 b5 24. Be3 b4 25. Qc6 Be2 26. Re1 Bh5 27. Bxe4 dxe4 28. Qxe4 Bg4 29. Rc5 Bf5 30. Qc6 Qg6 31. Bf2 h5 32. Rxa5 Qg4 33. d5 Qf3 34. Re3 Qd1+ 35. Re1 Qf3 36. Qc4 Bd3 37. Qd4 Rxf4 38. gxf4 Rxf4 39. Qe3 Qg4+ 40. Bg3 Re4 41. Ra8+ Kh7 42. Qxd3 1-0

[Event "ISR-chT 2019"]
[Site "Israel"]
[Date "2019.01.04"]
[Round "1"]
[White "Klenburg, Michael"]
[Black "Gershkowich, David"]
[Result "1/2-1/2"]
[ECO "A07"]
[WhiteElo "2361"]
[BlackElo "2200"]
[Annotator "NA"]
[PlyCount "114"]
[EventDate "2019.01.04"]
[EventType "team-tourn"]
[EventCountry "ISR"]
[SourceTitle "playchess.com"]
[Source "ChessBase"]
[SourceQuality "1"]
[TimeControl "40/5400+30:1800+30"]

1. g3 d5 2. Bg2 Nc6 3. d3 Nf6 4. Nf3 e5 5. c3 {[%emt 0:00:00] A07: Réti Opening: New York and Capablanca Systems} (5. O-O Be7 6. c4 O-O 7. cxd5 Nxd5 8. Nc3 Nb6 9. Be3 Re8 10. Rc1 Bf8 11. Na4 Nd4 12. Nc5 c6 13. Nb3 Nxb3 14. Qxb3 Be6 15. Qc2 Nd5 16. Bd2 f6 17. a3 a5 18. e4 Nc7 19. Be3 Nb5 20. Rfd1 {1-0 (36) Nakamura,H (2786)-Grigoriants,S (2576) chess.com INT 2017}) 5... Bd6 6. O-O O-O 7. Qc2 h6 8. Nbd2 Bf5 $146 ({Predecessor:} 8... Be6 9. e4 Qd7 10. Re1 Rad8 11. exd5 Bxd5 12. b4 {½-½ (28) Nagel,H (2211)-Somogyi,J (2114) ICCF email 2011}) 9. e4 Bh7 10. b4 a5 11. b5 Ne7 12. c4 dxe4 13. Nxe4 Nxe4 14. dxe4 b6 15. Bb2 Ng6 16. Ne1 Qe7 17. a4 Rfe8 18. Nd3 Nf8 19. c5 $11 bxc5 20. Rfc1 Nd7 21. Ba3 Rad8 22. Nb2 Qf6 23. Nc4 Nb6 24. Bb2 Ra8 25. Qc3 Qe6 26. Ne3 c6 27. bxc6 Qc8 28. Nf5 Bf8 29. f4 Qxc6 30. Qc2 f6 31. fxe5 fxe5 32. Bf1 Qc7 33. Bb5 Red8 34. Qc3 Bxf5 35. exf5 Bd6 36. Qf3 Rac8 37. Bc3 Nd7 38. Ra2 Nf6 39. Rac2 Qa7 40. Bc4+ Kh8 41. g4 Qc7 42. Qh3 Nh7 43. Qe3 Re8 44. Rd1 Bf8 45. Rcd2 Rcd8 46. Bb5 c4 47. Kg2 Rxd2+ 48. Rxd2 Bc5 49. Qe4 Nf6 50. Qf3 e4 51. Qe2 Re7 52. Bxf6 gxf6 53. Bxc4 e3 54. Rd1 Re4 55. Bb5 Rf4 56. Rf1 Qb7+ 57. Kh3 Rxf1 1/2-1/2

[Event "ISR-chT 2019"]
[Site "Israel"]
[Date "2019.01.04"]
[Round "1"]
[White "Deutsch, Eyal"]
[Black "Gershon, Alik"]
[Result "0-1"]
[ECO "A47"]
[WhiteElo "2350"]
[BlackElo "2431"]
[Annotator "NA"]
[PlyCount "98"]
[EventDate "2019.01.04"]
[EventType "team-tourn"]
[EventCountry "ISR"]
[SourceTitle "playchess.com"]
[Source "ChessBase"]
[SourceQuality "1"]
[TimeControl "40/5400+30:1800+30"]

1. d4 Nf6 2. Nf3 e6 3. e3 b6 4. b3 Bb7 5. Bb2 Be7 6. Bd3 Ne4 7. O-O f5 8. Nfd2 d5 9. f3 Nd6 10. c4 Nd7 11. Nc3 c5 12. cxd5 exd5 13. Ne2 O-O 14. Nf4 Bg5 $15 15. Re1 Qe7 16. dxc5 bxc5 17. Nf1 Rac8 18. Rc1 Qf7 19. Qd2 Rfd8 20. Bb1 d4 21. Nh3 Bf6 22. exd4 Nb5 23. dxc5 Nxc5 24. Qf2 Nd4 25. Rcd1 Nce6 26. Ng3 g6 27. Bd3 Bd5 28. Ba1 Qg7 29. Ne2 Nc2 30. Bxf6 Qxf6 31. Bxc2 Rxc2 32. Qe3 a5 33. Nd4 Nxd4 34. Rxd4 Bf7 35. Rxd8+ Qxd8 36. Re2 Qd1+ 37. Re1 Qd2 38. Qxd2 Rxd2 39. Ra1 Kg7 40. Nf2 Kf6 41. Nd1 Ke5 42. Nc3 Kd4 43. Na4 g5 44. h3 h5 45. Rc1 Rxa2 46. Rc5 Rxa4 47. Rxf5 Ra1+ 48. Kf2 Bxb3 49. Rxg5 a4 0-1

[Event "ISR-chT 2019"]
[Site "Israel"]
[Date "2019.01.04"]
[Round "1"]
[White "Parkhov, Yair"]
[Black "Huzman, Alexander"]
[Result "1/2-1/2"]
[ECO "E11"]
[WhiteElo "2336"]
[BlackElo "2580"]
[Annotator "ChessBase"]
[PlyCount "110"]
[EventDate "2019.01.04"]
[EventType "team-tourn"]
[EventCountry "ISR"]
[SourceTitle "playchess.com"]
[Source "ChessBase"]
[SourceQuality "1"]
[TimeControl "40/5400+30:1800+30"]

1. d4 e6 2. Nf3 Nf6 3. c4 Bb4+ 4. Bd2 Qe7 5. g3 Nc6 6. a3 Bxd2+ 7. Qxd2 d5 8. Bg2 dxc4 9. Qc3 O-O 10. Nbd2 Nd5 11. Qxc4 Rd8 12. e4 Nb6 13. Qc3 e5 14. d5 Nd4 15. Nxd4 exd4 16. Qxd4 Nxd5 17. Qc4 c5 18. Qe2 Nc7 19. O-O b6 20. Rfd1 Ba6 21. Qe3 Qe5 22. b4 Ne6 23. Nf3 Qb2 24. Rdb1 Qe2 25. Qxe2 Bxe2 26. bxc5 Nxc5 27. Re1 Bb5 28. Re3 Rac8 29. Bf1 Bc6 30. Rae1 Rc7 31. Ne5 Bb7 32. Bc4 Re8 33. f4 Kf8 34. Bd5 Rd8 35. Bxb7 Rxb7 36. Nf3 Rbd7 37. e5 Rd3 38. f5 Ke7 39. Kf1 h6 40. Nh4 Rxe3 41. Rxe3 Rd1+ 42. Ke2 Rc1 43. Ng2 Rc2+ 44. Kf3 g5 45. fxg6 fxg6 46. Nf4 g5 47. Nd5+ Kf7 48. Nc7 Ne6 49. Nb5 Kg6 50. Ke4 Rd2 51. Rf3 Nc5+ 52. Ke3 Rd5 53. Nxa7 Rxe5+ 54. Kd4 Re2 55. Nc8 Nd7 1/2-1/2

[Event "ISR-chT 2019"]
[Site "Israel"]
[Date "2019.01.04"]
[Round "1"]
[White "Lurie, Michael"]
[Black "Haimovich, Tal"]
[Result "1/2-1/2"]
[ECO "A06"]
[WhiteElo "2331"]
[BlackElo "2408"]
[Annotator "NA"]
[PlyCount "122"]
[EventDate "2019.01.04"]
[EventType "team-tourn"]
[EventCountry "ISR"]
[SourceTitle "playchess.com"]
[Source "ChessBase"]
[SourceQuality "1"]
[TimeControl "40/5400+30:1800+30"]

1. Nf3 d5 2. b3 c5 3. e3 Nf6 4. Bb2 Nc6 5. Bb5 Bd7 6. O-O e6 7. d3 Be7 8. Nbd2 O-O 9. Bxc6 Bxc6 10. Ne5 Be8 11. f4 Rc8 $11 12. a4 Nd7 13. Qg4 Nxe5 14. Bxe5 f6 15. Bb2 Rc6 16. Qe2 Bf7 17. Kh1 Qd7 18. e4 Bd8 19. e5 f5 20. d4 cxd4 21. Nf3 Bh5 22. Bxd4 Bb6 23. Bxb6 axb6 24. Qd2 Bxf3 25. Rxf3 Qe7 26. h3 Qc5 27. c3 b5 28. axb5 Qxb5 29. Ra4 Rfc8 30. Rb4 Qa6 31. Ra4 Qb6 32. Rb4 Qa7 33. c4 dxc4 34. bxc4 h6 35. Rg3 b6 36. Qd4 Qc7 37. Rgb3 Rxc4 38. Qxb6 Qxb6 39. Rxb6 Rxf4 40. Rxe6 Kf7 41. Rd6 Rc7 42. Rb5 Rf1+ 43. Kh2 f4 44. e6+ Kf6 45. h4 Rcc1 46. Kh3 Rc3+ 47. Kh2 Rc7 48. Ra6 Re7 49. Kh3 g6 50. Rb8 h5 51. Kh2 Rxe6 52. Rxe6+ Kxe6 53. Rb6+ Kf5 54. Rb5+ Kf6 55. Rb6+ Kg7 56. Rb7+ Kf8 57. Rb6 Kf7 58. Rb7+ Ke6 59. Rb6+ Kf5 60. Rb5+ Ke6 61. Rb6+ Kf5 1/2-1/2

[Event "ISR-chT 2019"]
[Site "Israel"]
[Date "2019.01.04"]
[Round "1"]
[White "Kundin, Alexander"]
[Black "Vydeslaver, Alik"]
[Result "1/2-1/2"]
[ECO "B01"]
[WhiteElo "2311"]
[BlackElo "2386"]
[Annotator "NA"]
[PlyCount "46"]
[EventDate "2019.01.04"]
[EventType "team-tourn"]
[EventCountry "ISR"]
[SourceTitle "playchess.com"]
[Source "ChessBase"]
[SourceQuality "1"]
[TimeControl "40/5400+30:1800+30"]

1. e4 d5 2. exd5 Qxd5 3. Nc3 Qa5 4. d4 Nf6 5. Nf3 Bf5 6. Bc4 e6 7. Bd2 $11 {[%emt 0:00:27] LiveBook: 219 Games} c6 8. Qe2 Bb4 9. O-O-O Nbd7 10. Ne5 Nxe5 11. dxe5 Nd5 12. Bxd5 cxd5 13. Qb5+ Qxb5 14. Nxb5 Rc8 15. Nd4 Bc5 16. Nxf5 exf5 17. f3 Ke7 18. Bc3 Ke6 19. Rhe1 Rhd8 20. Bd4 Bxd4 21. Rxd4 Rc4 22. c3 Rdc8 23. Kd2 R8c6 1/2-1/2